 Dungeon Crawl Stone Soup version 0.22.1-1-ga44c0e5 (webtiles) character file.

146 imbaray the Insei (level 5, 0/40 HPs)
             Began as a Draconian Transmuter on Oct 12, 2018.
             Slain by a gnoll
             ... wielding a +0 halberd
              (11 damage)
             ... on level 3 of the Dungeon.
             The game lasted 00:04:08 (3027 turns).

imbaray the Insei (Draconian Transmuter)            Turns: 3027, Time: 00:04:09

Health: 0/40       AC:  6    Str: 12    XL:     5   Next: 7%
Magic:  1/8        EV: 12    Int: 14    God:
Gold:   97         SH:  0    Dex: 12    Spells: 3/9 levels left

rFire    . . .     SeeInvis .     - Unarmed
rCold    . . .     Gourm    .   (no shield)
rNeg     . . .     Faith    .   (armour unavailable)
rPois    .         Spirit   .   (helmet restricted)
rElec    .         Reflect  .   d - +0 cloak
rCorr    .         Harm     .   (no gloves)
MR       .....                  (boots currently unavailable)
Stlth    ++........             (no amulet)
HPRegen  0.13/turn              (no ring)
MPRegen  0.11/turn              (no ring)

@: appendage, very slightly contaminated
A: unfitting armour, talons 3, cold-blooded, AC +5
a: End Transformation


You were on level 3 of the Dungeon.
You were hungry.
You had grown temporary talons.
You visited 1 branch of the dungeon, and saw 3 of its levels.

You collected 97 gold pieces.

Inventory:

Missiles
 a - 37 arrows
Armour
 d - a +0 cloak (worn)
Jewellery
 g - an uncursed ring of protection from cold {unknown}
Scrolls
 b - 3 scrolls of identify {unknown}
 f - a scroll of remove curse {unknown}
 h - a scroll of noise {unknown}
Potions
 e - 2 potions of curing {unknown}
 i - a potion of agility {unknown}
Comestibles
 c - 5 rations
 j - a chunk of flesh


   Skills:
 - Level 1.1 Fighting
 - Level 1.7 Dodging
 + Level 1.0 Stealth
 + Level 4.9 Unarmed Combat
 + Level 2.5 Spellcasting
 + Level 2.7 Transmutations
 + Level 0.1 Poison Magic


You had 3 spell levels left.
You knew the following spells:

 Your Spells              Type           Power        Failure   Level  Hunger
a - Beastly Appendage     Tmut           #.....       8%          1    #......
b - Sticks to Snakes      Tmut           #.......     11%         2    ###....
c - Spider Form           Tmut/Pois      #.........   36%         3    ###....

Your spell library contained the following spells:

 Spells                   Type           Power        Failure   Level  Hunger
 Ice Form                 Ice/Tmut       #.......     77%         4    #####..
 Blade Hands              Tmut           #.........   90%         5    ######.


Dungeon Overview and Level Annotations

Branches:
Dungeon (3/15)

Altars:
Gozag


Innate Abilities, Weirdness & Mutations

Your plain brown scales are hard. (AC +5)
You cannot fit into any form of body armour.
You are cold-blooded and may be slowed by cold attacks.
You have claws for feet.


Message History

Confirm with . or Enter, or press ? or * to list all spells.
You miscast Spider Form.
Strange energies run through your body.
You are feeling hungry.
The gnoll shouts! x2
Casting: Spider Form (slightly dangerous; 36% risk of failure)
Confirm with . or Enter, or press ? or * to list all spells.
Your feet morph into talons.
You hit the gnoll. You claw the gnoll.
The gnoll is severely wounded.
The gnoll hits you with a club!
The gnoll hits you from afar with a halberd!
* * * LOW HITPOINT WARNING * * *
You barely miss the gnoll.
The gnoll is severely wounded.
The gnoll hits you but does no damage.
You closely miss the gnoll. You claw the gnoll.
You kill the gnoll!
You have reached level 5!
The gnoll hits you from afar with a halberd!
You die...

#......#.#........
#.#>..........#######
# #.#.####..........#
..####...........#.#
####.##..#...........
#.[.##.#....†..####
###.####........#
#....####.......#
####...@)gg######
#######g# ###.# #...#
#.######## #........#
##...?...# #........
#...g...#


You could see 3 gnolls.

Vanquished Creatures
  4 gnolls
  3 adders
  An ooze (D:1)
  3 worms (D:2)
  A dart slug (D:2)
  A leopard gecko (D:2)
  3 orcs (D:3)
  5 ball pythons
  3 giant cockroaches
  3 goblins
  6 hobgoblins
  8 jackals
  4 kobolds
  7 bats
  4 frilled lizards
  6 rats
62 creatures vanquished.

Notes
Turn   | Place    | Note
-------+----------+-------------------------------------------
     0 | D:1      | imbaray the Draconian Transmuter began the quest for the
                  | Orb.
     0 | D:1      | Reached XP level 1. HP: 16/16 MP: 3/3
   469 | D:1      | Reached XP level 2. HP: 22/23 MP: 5/5
   510 | D:1      | Learned a level 2 spell: Sticks to Snakes
  1300 | D:1      | Reached XP level 3. HP: 16/28 MP: 4/6
  1578 | D:2      | Reached skill level 4 in Unarmed Combat
  1762 | D:2      | Reached XP level 4. HP: 29/35 MP: 5/7
  1801 | D:2      | Learned a level 3 spell: Spider Form
  2327 | D:2      | Found an opulent altar of Gozag.
  2508 | D:3      | Reached skill level 1 in Stealth
  3027 | D:3      | Reached XP level 5. HP: 11/40 MP: 1/8
  3027 | D:3      | Slain by a gnoll

Skill      XL: |  1  2  3  4 |
---------------+-------------+-----
Unarmed Combat | 4 |  4.9
Stealth        | 1 |  1.0
Fighting       | |  1.1
Dodging        | |  1.7
Spellcasting   | |  2.5
Transmutations | |  2.7
Poison Magic   | |  0.1

Action                   |  1- 3 |  4- 6 || total
-------------------------+-------+-------++-------
Melee: Unarmed           |   118 |   103 ||   221
       Tailslap          |    13 |     9 ||    22
       Punch             |     3 |     2 ||     5
       Headbutt          |     6 |     5 ||    11
       Kick              |     2 |     5 ||     7
 Cast: Beastly Appendage |    10 |     8 ||    18
       Spider Form       |       |     1 ||     1
 Stab: Sleeping          |     1 |     2 ||     3
  Eat: Chunk             |     3 |     4 ||     7
Armor: Skin              |    46 |    30 ||    76
Dodge: Dodged            |    89 |    44 ||   133
